 Dungeon Crawl Stone Soup version 0.25.1-2-g60ff931df9 (webtiles) character file.

Game seed: 14940048121875966331

144 raphialitos the Shield-Bearer (level 5, -1/42 HPs)
             Began as a Formicid Fighter on Oct 15, 2020.
             Was an Initiate of Okawaru.
             Slain by an adder (3 damage)
             ... on level 2 of the Dungeon.
             The game lasted 00:02:12 (1436 turns).

raphialitos the Shield-Bearer (Formicid Fighter)    Turns: 1436, Time: 00:02:13

Health: -1/42      AC:  7    Str: 22    XL:     5   Next: 52%
Magic:  5/5        EV:  8    Int:  7    God:    Okawaru [......]
Gold:   58         SH: 11    Dex: 10    Spells: 4/4 levels left

rFire    . . .     SeeInvis +   a - +0 quarterstaff
rCold    . . .     Gourm    .   c - +1 kite shield
rNeg     . . .     Faith    .   b - +0 scale mail
rPois    .         Spirit   .   (helmet unavailable)
rElec    .         Reflect  .   (no cloak)
rCorr    .         Harm     .   (no gloves)
MR       .....                  (no boots)
Stlth    ..........             (no amulet)
HPRegen  0.14/turn              (no ring)
MPRegen  0.09/turn              (no ring)

@: lethally poisoned (-1 -> -2)
A: permanent stasis, dig shafts and tunnels, four strong arms, antennae 3
a: Dig, Shaft Self, Renounce Religion


You were on level 2 of the Dungeon.
You worshipped Okawaru.
Okawaru was noncommittal.
You were hungry.

You visited 1 branch of the dungeon, and saw 2 of its levels.

You collected 58 gold pieces.

Inventory:

Hand Weapons
 a - a +0 quarterstaff (weapon)
Missiles
 i - 9 arrows
Armour
 b - a +0 scale mail (worn)
 c - a +1 kite shield (worn)
Jewellery
 l - an uncursed ring of protection from fire {unknown}
Potions
 d - a potion of might
 h - 2 potions of mutation {unknown}
Comestibles
 f - a ration
 g - a chunk of flesh


   Skills:
 + Level 3.7 Fighting
 + Level 3.4 Staves
 + Level 4.0 Armour
 + Level 1.0 Dodging
 + Level 4.8 Shields


You had 4 spell levels left.
You didn't know any spells.
Your spell library was empty.

Dungeon Overview and Level Annotations

Branches:
Dungeon (2/15)

Altars:
Okawaru


Innate Abilities, Weirdness & Mutations

You cannot be hasted, slowed, berserked, paralysed or teleported.
You can dig through walls and to a lower floor.
Your four strong arms can wield two-handed weapons with a shield.
You have a pair of large antennae on your head. (SInv)


Message History

You miss the adder.
The adder is moderately wounded.
You block the adder's attack. The goblin hits you but does no damage.
The adder barely misses you.
You hit the adder but do no damage.
The adder is moderately wounded.
You feel sick. The goblin hits you.
* * * LOW HITPOINT WARNING * * *
You block the adder's attack. The goblin closely misses you.
You block the adder's attack.
You closely miss the goblin.
The goblin is heavily wounded.
The adder bites you.
* * * LOW HITPOINT WARNING * * *
The goblin barely misses you.
Unknown command.
You hit the adder but do no damage.
The adder is moderately wounded.
The adder bites you.
You die...

##.......## #.........#
#.........# #.........#
#.......(.# #.........#
####.........#
........@....#
........Sg...#
....$........#
.............# #.
............### #####..
#####........###.......
##†.....!..#.......
#).###...#.#.......
#.#####............


You could see an adder and a goblin.

Vanquished Creatures
  An ogre (D:2)
  2 adders (D:2)
  A worm (D:2)
  3 dart slugs (D:2)
  A leopard gecko (D:2)
  2 giant cockroaches (D:1)
  3 hobgoblins
  4 jackals (D:1)
  3 bats
  3 frilled lizards (D:1)
  4 goblins
  2 kobolds
  2 rats (D:1)
31 creatures vanquished.

Notes
Turn   | Place    | Note
-------+----------+-------------------------------------------
     0 | D:1      | raphialitos the Formicid Fighter began the quest for the
                  | Orb.
     0 | D:1      | Reached XP level 1. HP: 18/18 MP: 1/1
    60 | D:1      | Found an iron altar of Okawaru.
   170 | D:1      | Became a worshipper of Warmaster Okawaru
   335 | D:1      | Reached XP level 2. HP: 4/24 MP: 2/2
  1220 | D:2      | Reached XP level 3. HP: 29/29 MP: 3/3
  1373 | D:2      | Noticed an ogre
  1381 | D:2      | Killed an ogre
  1381 | D:2      | Reached XP level 4. HP: 19/37 MP: 4/4
  1381 | D:2      | Reached XP level 5. HP: 21/42 MP: 5/5
  1412 | D:2      | Reached skill level 1 in Dodging
  1435 | D:2      | HP: 2/42 [adder (1)]
  1436 | D:2      | Slain by an adder

Illustrated notes

Levels and vault maps discovered:
D:1:      evilmike_arrival_hilbert_curve, layout_loops_corners,
          okawaru_ov_weapons_minmay
D:2:      layout_rooms, minitemple, grunt_ashenzari_visionary
          [grunt_ashenzari_visionary_swamp, grunt_ashenzari_visionary_snake]

Skill      XL: |  1  2  3  4  5 |
---------------+----------------+-----
Shields        | 4 |  4.8
Staves         | 3 |  3.4
Armour         | 4 |  4.0
Dodging        | 1 |  1.0
Fighting       | |  3.7

Action                   |  1- 3 |  4- 6 || total
-------------------------+-------+-------++-------
Melee: Quarterstaff      |    79 |    34 ||   113
  Use: Scroll            |     4 |       ||     4
  Eat: Chunk             |     1 |       ||     1
Armor: Scale mail        |    56 |    24 ||    80
Dodge: Dodged            |    43 |    19 ||    62
Block: Kite shield       |    54 |    33 ||    87
